[Event "FIDE World Cup O12-A 2024"]
[Site "Batumi"]
[Date "2024.06.25"]
[Round "3.1"]
[White "Bulgak, Damir"]
[Black "Obidov, Biloliddin"]
[Result "0-1"]
[ECO "A37"]
[WhiteElo "1931"]
[BlackElo "1998"]
[Annotator "NA RC"]
[PlyCount "166"]
[EventDate "2024.06.23"]
[EventType "swiss"]
[EventCountry "GEO"]
[SourceTitle "playchess.com"]
[Source "ChessBase"]
[SourceQuality "1"]
[TimeControl "5400+30"]

1. Nf3 c5 2. c4 Nc6 3. Nc3 e5 4. g3 g6 5. Bg2 Bg7 6. O-O Nge7 7. e3 O-O {[%emt 0:03:57] A37: Symmetrical English vs ...g6: 4 Bg2 Bg7 5 Nf3.} 8. d4 exd4 9. exd4 cxd4 (9... Nxd4 $15 {is more appropriate.} 10. Re1 Ne6) 10. Nd5 Nxd5 11. cxd5 Ne7 12. Nxd4 d6 13. Be3 Nf5 14. Nxf5 Bxf5 15. Bd4 Rc8 16. Bxg7 Kxg7 17. g4 Bd7 18. Qd4+ Qf6 19. Qxa7 (19. Qxf6+ $17 Kxf6 20. h3) 19... Bxg4 20. Qxb7 Rb8 $17 ({Black should play} 20... Be2 $19 21. Rfe1 Rc2) 21. Qa7 Rxb2 22. a4 Rfb8 23. Ra3 Be2 24. Rc1 Rb1 25. Qe3 Qb2 26. Qc3+ Qxc3 27. Raxc3 R8b4 28. h3 Rxc1+ 29. Rxc1 Rxa4 30. Rc7 g5 31. Re7 Bd3 32. Bf3 Bg6 33. Rd7 Ra6 34. Kg2 h5 35. Rc7 Kf6 36. Rd7 Ke5 37. Kg3 h4+ 38. Kg2 Ra3 39. Rb7 Rd3 40. Ra7 Rd4 41. Rd7 Rb4 42. Ra7 Rf4 43. Re7+ Kd4 44. Rd7 Rf6 45. Re7 Bf5 46. Re3 Bd3 47. Kg1 Bc4 48. Re4+ Kc5 49. Bh5 Bxd5 50. Ra4 Rf5 51. Bg4 Rf6 52. Bh5 Kb5 53. Ra7 Kb6 54. Rd7 Kc5 55. Ra7 Kd4 56. Ra5 Ke5 57. Bd1 Rf4 58. Bh5 Ke6 59. Kf1 f6 60. Ke2 f5 61. Ra7 Bg2 62. Rg7 Bxh3 63. Rxg5 Bg4+ 64. f3 Bxh5 65. Rxh5 Ra4 66. Ke3 Ke5 67. Rh8 f4+ 68. Kd3 Ra3+ 69. Ke2 Kd4 70. Rxh4 Ra2+ 71. Kf1 Ke3 72. Rh3 d5 73. Rh5 d4 74. Re5+ Kxf3 75. Ke1 d3 76. Rd5 Ra1+ 77. Kd2 Kf2 78. Rf5 f3 79. Rf8 Ra7 80. Rf6 Re7 81. Kxd3 Rd7+ 82. Ke4 Ke2 83. Ra6 f2 0-1

[Event "FIDE World Cup O12-A 2024"]
[Site "Batumi"]
[Date "2024.06.25"]
[Round "3.2"]
[White "Yang, ZiLong"]
[Black "Siddhanth Poonja"]
[Result "1/2-1/2"]
[ECO "B36"]
[WhiteElo "1874"]
[BlackElo "1958"]
[Annotator "NA RC"]
[PlyCount "97"]
[EventDate "2024.06.23"]
[EventType "swiss"]
[EventCountry "GEO"]
[SourceTitle "playchess.com"]
[Source "ChessBase"]
[SourceQuality "1"]
[TimeControl "5400+30"]

1. e4 c5 2. Nf3 g6 3. d4 cxd4 4. Nxd4 Nc6 5. c4 Nf6 6. Nc3 d6 7. f3 Nxd4 8. Qxd4 Bg7 9. Be3 O-O 10. Qd2 Be6 11. Rc1 Qa5 12. b3 Rfc8 13. Be2 a6 14. Nd5 Qxd2+ 15. Kxd2 Bxd5 16. cxd5 Nd7 17. f4 {[%emt 0:01:09] B36: Sicilian: Maroczy Bind: Gurgenidze System.} Kf8 18. Rxc8+ Rxc8 19. Rc1 Rxc1 20. Kxc1 $14 e6 21. dxe6 fxe6 22. g3 Bc3 23. Bf3 b5 24. Kc2 Bb4 25. Kd3 Ke7 26. h3 Be1 27. g4 h6 28. Ke2 Bg3 29. Kf1 a5 30. Be2 b4 31. Kg2 Be1 32. Bb5 Nc5 33. Kf3 Bh4 34. Bd4 e5 35. Bxc5 dxc5 36. f5 gxf5 37. gxf5 Bg5 38. Bc4 Kd6 39. Kg4 Ke7 40. Kf3 Kf6 41. Kg4 Bc1 42. Kh5 Bd2 43. h4 Bc1 44. Kg4 Bd2 45. Kh5 Bc1 46. Kg4 Be3 47. Kf3 Bd4 48. Kg4 Bf2 49. Kh5 1/2-1/2

[Event "FIDE World Cup O12-A 2024"]
[Site "Batumi"]
[Date "2024.06.25"]
[Round "3.3"]
[White "Kristesiashvili, Andria"]
[Black "Syed Abdul Khader"]
[Result "0-1"]
[ECO "C22"]
[WhiteElo "1728"]
[BlackElo "2050"]
[Annotator "NA RC"]
[PlyCount "50"]
[EventDate "2024.06.23"]
[EventType "swiss"]
[EventCountry "GEO"]
[SourceTitle "playchess.com"]
[Source "ChessBase"]
[SourceQuality "1"]
[TimeControl "5400+30"]

1. e4 e5 2. d4 exd4 3. Qxd4 Nc6 4. Qe3 Bb4+ 5. Nc3 Nf6 6. Bd2 O-O 7. O-O-O Re8 8. Qf4 d6 ({Better is} 8... Bxc3 $15 9. Bxc3 Rxe4 (9... Nxe4 10. Bc4 $11)) 9. f3 Be6 10. Nge2 h6 11. g4 d5 12. exd5 Bxd5 13. Qg3 $1 Qd6 $11 (13... Bxc3 $1 {feels stronger.} 14. Nxc3 (14. Bxc3 Qe7 $11) 14... Nd4) 14. Nf4 Rad8 15. a3 Bxf3 16. Qxf3 Nd4 17. Qxb7 Bxc3 18. bxc3 Rb8 19. Qa6 Rb6 20. Qxb6 axb6 21. Kb2 Nf3 22. Bg2 Nxd2 23. Nd3 Nc4+ 24. Kb3 Ne3 25. Rd2 Nxg2 0-1

[Event "FIDE World Cup O12-A 2024"]
[Site "Batumi"]
[Date "2024.06.25"]
[Round "3.4"]
[White "Yin, Zeming"]
[Black "Guo, Ethan"]
[Result "1/2-1/2"]
[ECO "B94"]
[WhiteElo "1832"]
[BlackElo "2136"]
[Annotator "RC"]
[PlyCount "108"]
[EventDate "2024.06.23"]
[EventType "swiss"]
[EventCountry "GEO"]
[SourceTitle "playchess.com"]
[Source "ChessBase"]
[SourceQuality "1"]
[TimeControl "5400+30"]

1. e4 c5 2. Nf3 d6 3. d4 cxd4 4. Nxd4 Nf6 5. Nc3 a6 6. Bg5 Nbd7 7. Bc4 e6 8. a4 h6 9. Be3 Qc7 10. Qe2 Nc5 11. f3 Be7 12. O-O O-O 13. a5 Rd8 14. Qf2 Ncxe4 15. fxe4 Qxc4 16. Ra4 Qc7 17. Qg3 Kh7 18. Nf3 Rf8 19. Bb6 Qd7 20. Rd1 Nh5 21. Qf2 Qe8 22. Raa1 Nf6 23. Qe2 e5 24. Nd2 Bg4 25. Nf3 Rc8 26. h3 Be6 27. Nd2 Qc6 28. Nf1 Bc4 29. Qf2 Be6 30. Qe2 Kg8 31. Ne3 Rfe8 32. Qf3 Bd8 33. Bxd8 Rexd8 34. Rf1 Qc5 35. Kh1 Rc7 36. Qg3 Kf8 37. Rf3 Qb4 38. Raf1 Qxb2 39. Rxf6 gxf6 40. Ncd5 Rc3 41. Qh4 Rxe3 42. Qxf6 Bxd5 43. Qxd8+ Kg7 44. Qf6+ Kh7 45. exd5 Rg3 46. Qxf7+ Rg7 47. Qf5+ Kh8 48. Qf8+ Kh7 49. Qf5+ Kh8 50. Qf8+ Kh7 51. Rf7 Qc1+ 52. Kh2 Rxf7 53. Qxf7+ Kh8 54. Qf6+ Kh7 1/2-1/2

[Event "FIDE World Cup O12-A 2024"]
[Site "Batumi"]
[Date "2024.06.25"]
[Round "3.5"]
[White "Wang, Ted"]
[Black "Yerzhanuly Yernur"]
[Result "1-0"]
[ECO "C00"]
[WhiteElo "2034"]
[BlackElo "1810"]
[Annotator "RC"]
[PlyCount "57"]
[EventDate "2024.06.23"]
[EventType "swiss"]
[EventCountry "GEO"]
[SourceTitle "playchess.com"]
[Source "ChessBase"]
[SourceQuality "1"]
[TimeControl "5400+30"]

1. e4 e6 2. d3 d5 3. Nd2 c5 4. Ngf3 Nf6 5. g3 Nc6 6. Bg2 Be7 7. O-O b6 8. Re1 Bb7 9. Qe2 Qc7 10. c3 O-O-O 11. Nf1 h6 12. Bf4 Qd7 13. b4 g5 14. Ne5 Qe8 15. Nxc6 Bxc6 16. Be5 Rg8 17. bxc5 bxc5 18. d4 Nxe4 19. Qa6+ Bb7 20. Qxa7 Qc6 21. Rab1 Bd6 22. Rb6 Qc7 23. Reb1 Rd7 24. Rxb7 Qxb7 25. Rxb7 Rxb7 26. Qa8+ Bb8 27. Bxe4 dxe4 28. Bxb8 Rxb8 29. Qc6+ 1-0

[Event "FIDE World Cup O12-A 2024"]
[Site "Batumi"]
[Date "2024.06.25"]
[Round "3.6"]
[White "Haresh, Venkata Narayanaswam"]
[Black "Kleschevnikov, Arseny"]
[Result "1-0"]
[ECO "B90"]
[WhiteElo "1728"]
[BlackElo "1895"]
[Annotator "NA RC"]
[PlyCount "149"]
[EventDate "2024.06.23"]
[EventType "swiss"]
[EventCountry "GEO"]
[SourceTitle "playchess.com"]
[Source "ChessBase"]
[SourceQuality "1"]
[TimeControl "5400+30"]

1. e4 c5 2. Nf3 d6 3. d4 cxd4 4. Nxd4 Nf6 5. Nc3 a6 6. h3 e5 7. Nf3 Be7 8. g4 h6 9. Rg1 Be6 10. g5 hxg5 11. Nxg5 Nc6 12. Nxe6 fxe6 13. Rxg7 Qb6 14. Bd2 O-O-O $11 15. Qe2 Nh5 16. Rf7 Nf4 17. Na4 Qd4 18. Bxf4 Qxa4 19. Bd2 Rh4 20. f3 Rg8 21. c3 d5 22. exd5 exd5 23. Qd1 Qa5 24. Qc2 Rh5 25. Rh7 Bh4+ 26. Kd1 Rh8 27. Rxh5 Rxh5 28. c4 Qc5 29. Qg6 Rh8 30. Qe6+ Kb8 31. cxd5 Qf2 32. dxc6 Rd8 33. Qxe5+ Ka7 34. Qe2 Qb6 35. Kc1 Qxc6+ 36. Bc3 Bg5+ 37. Kb1 Qg6+ 38. Qe4 Qxe4+ 39. fxe4 Rd1+ 40. Kc2 Rxa1 41. Bc4 Rh1 42. Be6 Rh2+ 43. Kd3 Bc1 44. b4 Bb2 45. Bxb2 Rxb2 46. Kd4 Kb8 47. Ke5 Kc7 48. Kf6 Rxb4 49. e5 Kd8 50. Bf5 Rb2 51. e6 Re2 52. h4 Ke8 53. h5 Kf8 54. h6 Kg8 55. e7 Rxe7 56. Kxe7 b5 57. Kd6 b4 58. Kc5 a5 59. Kb5 a4 60. Kxb4 Kf7 61. h7 Kg7 62. Kxa4 Kh8 63. Kb5 Kg7 64. a4 Kh8 65. a5 Kg7 66. a6 Kh8 67. a7 Kg7 68. h8=Q+ Kxh8 69. a8=Q+ Kg7 70. Qc6 Kf7 71. Qg6+ Ke7 72. Qe6+ Kf8 73. Qd7 Kg8 74. Bg6 Kf8 75. Qf7# 1-0

[Event "FIDE World Cup O12-A 2024"]
[Site "Batumi"]
[Date "2024.06.25"]
[Round "3.7"]
[White "Li, Yiheng"]
[Black "Sobirov, Afruzbek"]
[Result "0-1"]
[ECO "C02"]
[WhiteElo "1886"]
[BlackElo "1789"]
[Annotator "NA RC"]
[PlyCount "170"]
[EventDate "2024.06.23"]
[EventType "swiss"]
[EventCountry "GEO"]
[SourceTitle "playchess.com"]
[Source "ChessBase"]
[SourceQuality "1"]
[TimeControl "5400+30"]

1. e4 e6 2. d4 d5 3. e5 c5 4. c3 Nc6 5. Nf3 Qb6 6. a3 Nh6 7. Bd3 {[%emt 0:03:06] is more profitable than 7.b4 at the moment.} cxd4 {[%emt 0:01:31] C02: French: Advance Variation.} 8. O-O Bd7 9. b4 a6 10. c4 dxc4 11. Bxc4 Nf5 12. Bf4 $146 ({Predecessor:} 12. Bd3 Be7 13. Nbd2 Qc7 14. Qe2 Na7 15. Ne4 h5 16. Bb2 Bb5 17. Bxb5+ Nxb5 18. Rac1 {0-1 Kulaots,K (2525)-Bacrot,E (2659) EU-ch 23rd Vrnjacka Banja 2023 (4)}) 12... h6 13. g4 Nfe7 14. Nbd2 Ng6 15. Bg3 Be7 16. Bd3 O-O-O 17. Rb1 Na7 18. Nc4 Qc7 19. Nfd2 $11 ({White should play} 19. Nd6+ $18 Bxd6 20. exd6) 19... Nb5 20. Ne4 Nc3 21. Nxc3 dxc3 22. Nd6+ Bxd6 23. exd6 Qb6 24. Qf3 Rhf8 25. Bxg6 fxg6 26. Qxc3+ Qc6 27. Qe3 Kb8 28. f3 Qb5 29. Rbd1 Bc6 30. Bf2 Rxf3 31. Qa7+ Kc8 32. Bb6 Kd7 33. Rxf3 Bxf3 34. Rc1 Qe2 35. Bf2 Rc8 36. Re1 Qd2 37. Qd4 Qxd4 38. Bxd4 Kxd6 39. Bxg7 Bxg4 40. Bxh6 Rc2 41. Rc1 Rxc1+ 42. Bxc1 b5 43. Kf2 Kd5 44. Be3 Kc4 45. Bb6 Kb3 46. Kg3 Bf5 47. Kf4 Kxa3 48. Ba5 Kb3 49. h4 Kc4 50. Ke5 Kd3 51. Bc7 Kc3 52. Ba5 Kc4 53. Kf4 Kd4 54. Bb6+ Kd5 55. Bc7 Bb1 56. Ke3 e5 57. Bb6 Kc4 58. Ba5 Kc3 59. Ke2 e4 60. Ke3 Bd3 61. Kf2 Kd2 62. Bb6 Bb1 63. Bc5 Kc3 64. Ke3 Kc4 65. Be7 Kb3 66. Bc5 Ka4 67. Kd4 a5 68. bxa5 Kxa5 69. Kc3 Ka4 70. Kb2 Bd3 71. Kc3 Bf1 72. Kb2 b4 73. Be3 b3 74. Bd2 Bd3 75. Be3 Kb4 76. Bg5 Bc2 77. Bf4 Kc4 78. Kc1 Kd3 79. Bc7 e3 80. Ba5 e2 81. Be1 Ke3 82. Bg3 Kf3 83. Be1 Kg2 84. Kd2 Kf1 85. Bg3 Bd1 0-1

[Event "FIDE World Cup O12-A 2024"]
[Site "Batumi"]
[Date "2024.06.25"]
[Round "3.8"]
[White "Mamikonyan, Artem T"]
[Black "Kozhedub, Ivan"]
[Result "1-0"]
[ECO "B20"]
[WhiteElo "1855"]
[BlackElo "1778"]
[Annotator "NA RC"]
[PlyCount "107"]
[EventDate "2024.06.23"]
[EventType "swiss"]
[EventCountry "GEO"]
[SourceTitle "playchess.com"]
[Source "ChessBase"]
[SourceQuality "1"]
[TimeControl "5400+30"]

1. e4 c5 2. Nf3 g6 3. c4 Bg7 4. Nc3 Nc6 5. d3 d6 6. h3 e6 7. Be3 Nge7 8. d4 cxd4 9. Nxd4 O-O 10. Be2 a6 11. O-O f5 12. exf5 Nxf5 13. Nxf5 gxf5 14. f4 Kh8 15. Bf3 e5 16. fxe5 Nxe5 17. Bd5 Bd7 18. Qd2 Bc6 19. Rad1 Rc8 20. b3 Qe8 21. a4 Qg6 22. Ne2 Rce8 23. Nf4 Qg3 24. Bxc6 Nxc6 25. Rf3 Qh4 26. Nd5 Ne5 27. Rf4 Qh5 28. Rdf1 Nc6 29. Qd3 Re5 30. R4f3 Qg6 31. Bd2 Re4 32. Bc3 Ne5 33. Bxe5 Rxe5 34. Kh1 Qe6 35. Ne3 Rg8 36. Nxf5 Bf8 37. Ne3 Bg7 38. Nf5 Bf8 39. Nd4 Qh6 40. Rg3 Reg5 41. Rxg5 Qxg5 42. Qf3 Qe5 43. Nf5 b5 44. cxb5 axb5 45. a5 d5 46. Ne3 Bd6 47. Qf6+ Qxf6 48. Rxf6 Bb4 49. Nxd5 Bxa5 50. b4 Bd8 51. Rf7 Bh4 52. Rb7 Bg3 53. Nf6 Rg7 54. Rxg7 1-0

[Event "FIDE World Cup O12-A 2024"]
[Site "Batumi"]
[Date "2024.06.25"]
[Round "3.9"]
[White "Lee, Daniel Joshua"]
[Black "Nanayakkara, Sanuk"]
[Result "0-1"]
[ECO "B36"]
[WhiteElo "1717"]
[BlackElo "1714"]
[Annotator "NA RC"]
[PlyCount "100"]
[EventDate "2024.06.23"]
[EventType "swiss"]
[EventCountry "GEO"]
[SourceTitle "playchess.com"]
[Source "ChessBase"]
[SourceQuality "1"]
[TimeControl "5400+30"]

1. e4 c5 2. Nf3 Nc6 3. d4 cxd4 4. Nxd4 g6 5. c4 Nf6 6. Nc3 Nxd4 7. Qxd4 d6 8. Be2 Bg7 9. Be3 O-O 10. Qd3 Be6 11. O-O Qa5 12. Rac1 Rfc8 13. b3 Nd7 14. f4 Nc5 15. Bxc5 Qxc5+ 16. Kh1 f5 17. Bf3 Rab8 18. exf5 Bxf5 19. Qd5+ Kh8 20. g4 Bd7 21. Rfe1 Bc6 22. Qd3 Qd4 23. Re3 Qxf4 24. Bxc6 bxc6 25. Rf1 Qxg4 26. Rxe7 Rf8 27. Rxf8+ Rxf8 28. Ne4 Be5 29. Nxd6 Qf4 30. Rxe5 Qxe5 31. Ne4 Re8 32. Qc3 Qxc3 33. Nxc3 Re1+ 34. Kg2 Rc1 35. Ne2 Rc2 36. Kf3 Rxa2 37. Nd4 Rb2 38. Nxc6 Rxb3+ 39. Ke4 Ra3 40. c5 Kg7 41. Nd4 Kf6 42. Kd5 Rd3 43. Kc4 Rxd4+ 44. Kxd4 Ke6 45. Kc4 Kd7 46. Kb5 g5 47. Ka6 Kc6 48. Kxa7 g4 49. Ka6 h5 50. Ka5 h4 0-1

[Event "FIDE World Cup O12-A 2024"]
[Site "Batumi"]
[Date "2024.06.25"]
[Round "3.10"]
[White "Yang, Maxwell"]
[Black "Diasamidze, Rati"]
[Result "1-0"]
[ECO "E48"]
[WhiteElo "1979"]
[BlackElo "1646"]
[Annotator "NA RC"]
[PlyCount "153"]
[EventDate "2024.06.23"]
[EventType "swiss"]
[EventCountry "GEO"]
[SourceTitle "playchess.com"]
[Source "ChessBase"]
[SourceQuality "1"]
[TimeControl "5400+30"]

1. d4 Nf6 2. c4 e6 3. Nc3 Bb4 4. e3 O-O 5. Bd3 d5 6. cxd5 exd5 7. a3 Bd6 8. Qc2 c6 9. Nge2 Re8 10. Ng3 b6 11. O-O Ba6 12. Bxa6 Nxa6 13. Qd3 Nc7 14. Nf5 Bf8 15. Bd2 $15 g6 16. Ng3 Bd6 17. Rae1 Ne6 18. Nce2 c5 19. f4 c4 20. Qc2 a5 21. f5 Ng5 22. fxg6 hxg6 23. Nf4 Kg7 24. Nge2 Nge4 25. Nc3 Bc7 26. g3 Nxc3 27. Bxc3 Ne4 28. Qg2 Qd7 29. Qf3 Rad8 30. Re2 Ng5 31. Qg2 Bxf4 32. gxf4 Ne4 33. Be1 Qf5 34. Qf3 Rh8 35. h4 f6 36. Rg2 Kf7 37. Qg4 Qxg4 38. Rxg4 f5 39. Rg2 Nf6 40. Rf3 Rde8 41. Kf1 Ng4 42. Ke2 Re4 43. Kd2 Rhe8 44. Bf2 Ke6 45. Rh3 Rh8 46. Bg1 Kd6 47. Kc3 Rhe8 48. Kd2 Rh8 49. Re2 b5 50. Bf2 b4 51. axb4 axb4 52. Kc2 Rhe8 53. Kd2 c3+ 54. bxc3 bxc3+ 55. Kd3 Rc8 56. Bg1 Ra8 57. Kxc3 Ra3+ 58. Kb2 Rd3 59. Kc2 Rdxd4 60. exd4 Rxe2+ 61. Kd3 Re1 62. Be3 Ra1 63. Ke2 Ra2+ 64. Bd2 Kc6 65. h5 gxh5 66. Rxh5 Nf6 67. Rh6 Kb5 68. Rxf6 Kc4 69. Rxf5 Kxd4 70. Re5 Rb2 71. Re3 Rb8 72. Bc3+ Kc4 73. Be5 Re8 74. Rc3+ Kb4 75. Kd3 Re6 76. Kd4 Rh6 77. Kxd5 1-0

[Event "FIDE World Cup O12-A 2024"]
[Site "Batumi"]
[Date "2024.06.25"]
[Round "3.11"]
[White "Berdashkevich, Makar"]
[Black "Tavberidze, Alexandre"]
[Result "1/2-1/2"]
[ECO "B15"]
[WhiteElo "1650"]
[BlackElo "1529"]
[Annotator "NA RC"]
[PlyCount "110"]
[EventDate "2024.06.23"]
[EventType "swiss"]
[EventCountry "GEO"]
[SourceTitle "playchess.com"]
[Source "ChessBase"]
[SourceQuality "1"]
[TimeControl "5400+30"]

1. e4 c6 2. d4 d5 3. Nc3 dxe4 4. Nxe4 Nf6 5. Nxf6+ exf6 6. c3 Bd6 7. Bd3 O-O 8. Ne2 Bg4 9. O-O Nd7 10. Qc2 h6 11. h3 Be6 12. Nf4 Bxf4 13. Bxf4 Nb6 14. b3 Nd5 15. Bd2 Qd7 16. c4 Ne7 17. Bb4 Rfe8 18. Rad1 Bf5 19. Bxf5 Qxf5 20. Qxf5 Nxf5 21. d5 cxd5 22. Rxd5 Re5 23. Rfd1 Rae8 24. f4 Rxd5 25. Rxd5 Ng3 26. Kf2 Ne4+ 27. Kf3 b6 28. g4 g5 29. Rd4 f5 30. gxf5 Nf6 31. fxg5 hxg5 32. Bc3 Nh5 33. h4 f6 34. hxg5 fxg5 35. Rg4 Kf7 36. Rxg5 Nf6 37. Rg6 Ne4 38. Be1 Ng5+ 39. Kf2 Ne4+ 40. Kg2 Re5 41. Kf3 Nc5 42. Rh6 Rxe1 43. Rh7+ Kf6 44. Rxa7 Kxf5 45. b4 Nd3 46. a3 Ne5+ 47. Kf2 Re4 48. c5 bxc5 49. bxc5 Nd3+ 50. Kf3 Nxc5 51. Rh7 Kg6 52. Rc7 Rc4 53. a4 Rc3+ 54. Ke2 Nxa4 55. Rxc3 Nxc3+ 1/2-1/2